 Dungeon Crawl Stone Soup version 0.32-a0-996-gb3226c233f (webtiles) character file.

Game seed: 11694281886305475961

5 ragingrage the Sneak (level 1, -2/19 HPs)
             Began as a Naga Brigand on Apr 24, 2024.
             Slain by a hobgoblin (4 damage)
             ... on level 1 of the Dungeon.
             The game lasted 00:00:16 (198 turns).

ragingrage the Sneak (Naga Brigand)                  Turns: 198, Time: 00:00:16

Health: -2/19      AC:  2    Str: 13    XL:     1   Next: 80%
Magic:  1/1        EV:  8    Int: 11    God:
Gold:   0          SH:  0    Dex: 12    Spells: 0/0 levels left

rFire   . . .        a - +2 dagger
rCold   . . .        (no shield)
rNeg    . . .        b - +0 robe
rPois   +            (no helmet)
rElec   .            c - +0 cloak
rCorr   .            (no gloves)
SInv    +            (no barding)
Will    .....        f - amulet of magic regeneration
Stlth   +++          (no ring)
HPRegen 0.23/turn    (no ring)
MPRegen 0.47/turn

%: no passive effects
@: very slow
A: AC +0, large, see invisible, deformed body, poison resistance, slowness 2,
spit poison 1, naga tail 1
a: Spit Poison


You were on level 1 of the Dungeon.
You visited 1 branch of the dungeon, and saw 1 of its levels.

Inventory:

Hand Weapons
 a - a +2 dagger (weapon)
Missiles
 d - 9 poisoned darts (quivered)
 e - 3 curare-tipped darts
Armour
 b - a +0 robe (worn)
 c - a +0 cloak (worn)
 j - a +2 buckler
Jewellery
 f - an amulet of magic regeneration (around neck)
Scrolls
 g - a scroll of vulnerability {unknown}
 h - a scroll of identify {unknown}


   Skills:
 - Level 2.0 Fighting
 + Level 2.5 Short Blades
 - Level 1.7 Throwing
 - Level 0.7 Dodging
 - Level 5.8 Stealth


You couldn't memorise any spells.
You didn't know any spells.
Your spell library was empty.

Dungeon Overview and Level Annotations

Branches:
Dungeon (1/15)

Altars:


Innate Abilities, Weirdness & Mutations

Your serpentine skin is tough. (AC +0)
You have supernaturally acute eyesight. (SInv)
Armour fits poorly on your strangely shaped body.
Your system is resistant to poisons. (rPois)
You cover ground very slowly.
You can spit poison.
You have a snake-like lower body.


Message History

Found a stone staircase leading down.
No target in view!
A ball python comes into view.
A ball python is nearby!
A ball python is nearby!
The helpless ball python fails to defend itself.
You impale the ball python!!
You kill the ball python!
No target in view!
j - a +2 buckler A dart slug comes into view.
A dart slug is nearby!
A dart slug is nearby!
A bat comes into view.
A hobgoblin comes into view.
The hobgoblin shouts!
The dart slug launches a dart at you. The slug dart hits you.
The bat misses you. The bat closely misses you.
The dart slug launches a dart at you. The slug dart hits you.
You are too injured to fight recklessly!
There are monsters nearby!
You are too injured to fight recklessly!
You are too injured to fight recklessly!
The bat hits you.
The hobgoblin hits you but does no damage.
The dart slug bites you.
* * * LOW HITPOINT WARNING * * *
The bat hits you.
* * * LOW HITPOINT WARNING * * *
The hobgoblin barely misses you.
The dart slug attacks as it pursues you!
The dart slug bites you.
* * * LOW HITPOINT WARNING * * *
The hobgoblin closely misses you.
It was a potion of magic.
Magic courses through your body. The bat hits you.
* * * LOW HITPOINT WARNING * * *
The hobgoblin hits you.
You die...

#.# ##..##P.....# #.#
#......P....# ####.#
#...####.P♣.#
.....###...## #..#.#
##..........# ##...#
#..........## #.###
.....####.## #.#######
.##.## #.# #........
.....# #.######@.######
..##.# #+##...gwb...#
.###.# #...#......##.#
###..##...(..ß.ß......#
##...#.......#+#.......#
#.†...>...... #.......#
#..........# ###......
##.........# .....#
###..#.....# ..##.#


You could see a dart slug, a hobgoblin and a bat.

Vanquished Creatures
  An endoplasm (D:1)
  A quokka (D:1)
  A ball python (D:1)
  A kobold (D:1)
  2 rats (D:1)
6 creatures vanquished.

Notes
Turn   | Place    | Note
-------+----------+-------------------------------------------
     0 | D:1      | ragingrage the Naga Brigand began the quest for the Orb.
     0 | D:1      | Reached XP level 1. HP: 19/19 MP: 1/1
   198 | D:1      | Slain by a hobgoblin

Illustrated notes

Levels and vault maps discovered:
D:1:      lightli_arrival_flooded_house, layout_loops_corners,
          dreamdust_ecumenical_altar_angels_and_demons, chequers_mini_garden,
          serial_bayou_pond_a, nicolae_concentric_dashed_squares_mild,
          minmay_misc_feat_nine_boxes, grunt_decor_one_mirror, minivault_19,
          hex_tiny, due_unseen_surprise

Action                     || total
---------------------------++-------
  Melee: Dagger            ||    12
    Use: Potion            ||     1
   Stab: Sleeping          ||     3
 Armour: Robe              ||    12
  Dodge: Dodged            ||    10

Table legend: (Time is in decaauts)
 A = Elapsed time spent in this place.
 B = Non-inter-level travel time spent in this place.
 C = Inter-level travel time spent in this place.
 D = Time resting spent in this place.
 E = Time spent auto-exploring this place.
 F = Levels seen in this place.
 G = Mean time per level.
                   A        B        C        D        E       F      G
               +--------+--------+--------+--------+--------+-----+--------+
         Total |    256 |    256 |      0 |      0 |    174 |   1 |  256.0 |
       Dungeon |    256 |    256 |      0 |      0 |    174 |   1 |  256.0 |
               +--------+--------+--------+--------+--------+-----+--------+

Top non-repeatable levels by time:
     D:1: 256 daAuts
